| TOP OF THE 1ST |
|
Atlanta (MID) Braves batting - Pitching for Great Lakes Loons : RHP Alexis Priego
|
|
Pitching: RHP Alexis Priego
|
|
|
Batting: RHB Hisayuki Akiyama
|
0-0: Ball 1-0: Ball 2-0: Swinging Strike 2-1: Ball 3-1: Foul Ball, location: 2F 3-2: SINGLE (Line Drive, 7S, EV 94.4 MPH)
|
|
Batting: RHB Joe Young
|
0-0: Called Strike 0-1: Ball 1-1: Grounds into double play, 4-6-3 (Groundball, 4, EV 107.5 MPH)
|
|
Batting: LHB Erik Gretzky
|
0-0: Fly out, F8 (Flyball, 8RD, EV 86.9 MPH)
|
| Top of the 1st over - 0 runs, 1 hit, 0 errors, 0 left on base; Atlanta (MID) 0 - Great Lakes 0 |
| BOTTOM OF THE 1ST |
|
Great Lakes Loons batting - Pitching for Atlanta (MID) Braves : LHP Brian Gregory
|
|
Pitching: LHP Brian Gregory
|
|
|
Batting: RHB Luis Grajeda
|
0-0: Called Strike 0-1: Hit by Pitch
|
|
Batting: SHB Todd Hewitt
|
0-0: Ball 1-0: Foul Ball, location: 2F 1-1: Called Strike 1-2: Foul Ball, location: 2F 1-2: Ball 2-2: Strikes out swinging
|
|
Batting: RHB David Rodgers
|
0-0: Called Strike 0-1: Ball 1-1: Grounds into double play, 6-4-3 (Groundball, 6, EV 92.5 MPH)
|
| Bottom of the 1st over - 0 runs, 0 hits, 0 errors, 0 left on base; Atlanta (MID) 0 - Great Lakes 0 |
| TOP OF THE 2ND |
|
Atlanta (MID) Braves batting - Pitching for Great Lakes Loons : RHP Alexis Priego
|
|
Batting: LHB Ben Goldstein
|
0-0: Called Strike 0-1: Called Strike 0-2: Strikes out swinging
|
|
Batting: RHB Jose Ramos
|
0-0: Reached on error, E1 (Groundball, 13S, EV 72.5 MPH)
|
|
Batting: RHB Josh McCormick
|
0-0: Ground out 6-3 (Groundball, 6S, EV 90.0 MPH)
|
|
Batting: RHB Toki Takeuchi
|
0-0: Swinging Strike 0-1: Ball 1-1: Called Strike 1-2: Ball 2-2: Ball 3-2: Foul Ball, location: 2F 3-2: Strikes out swinging
|
| Top of the 2nd over - 0 runs, 0 hits, 1 error, 1 left on base; Atlanta (MID) 0 - Great Lakes 0 |
| BOTTOM OF THE 2ND |
|
Great Lakes Loons batting - Pitching for Atlanta (MID) Braves : LHP Brian Gregory
|
|
Batting: RHB Blake Beale
|
0-0: Fly out, F9 (Flyball, 89S, EV 93.1 MPH)
|
|
Batting: RHB Ryan Alban
|
0-0: Called Strike 0-1: Called Strike 0-2: Ball 1-2: Ball 2-2: Foul Ball, location: 2F 2-2: Ball 3-2: Strikes out swinging
|
|
Batting: RHB Trevor Conklin
|
0-0: Ball 1-0: Foul Ball, location: 2F 1-1: Ball 2-1: Ball 3-1: Base on Balls
|
|
Batting: RHB Devon Fourcade
|
0-0: Ball 1-0: Called Strike 1-1: Called Strike 1-2: Strikes out swinging
|
| Bottom of the 2nd over - 0 runs, 0 hits, 0 errors, 1 left on base; Atlanta (MID) 0 - Great Lakes 0 |
| TOP OF THE 3RD |
|
Atlanta (MID) Braves batting - Pitching for Great Lakes Loons : RHP Alexis Priego
|
|
Batting: RHB Mike Shook
|
0-0: Ball 1-0: Ball 2-0: Ball 3-0: Base on Balls
|
|
Batting: RHB Ingidayehu Lagat
|
0-0: Called Strike 0-1: Ball 1-1: Ball 2-1: Foul Ball, location: 2F 2-2: Foul Ball, location: 2F 2-2: Strikes out swinging
|
|
Batting: RHB Hisayuki Akiyama
|
0-0: Called Strike 0-1: Swinging Strike 0-2: Ball 1-2: Foul Ball, location: 2F 1-2: Ball 2-2: Foul Ball, location: 2F 2-2: Foul Ball, location: 2F 2-2: Fly out, F7 (Flyball, 7D, EV 93.1 MPH)
|
|
Batting: RHB Joe Young
|
0-0: Foul Ball, location: 2F 0-1: Ball 1-1: Ball 2-1: Foul Ball, location: 2F 2-2: Strikes out looking
|
| Top of the 3rd over - 0 runs, 0 hits, 0 errors, 1 left on base; Atlanta (MID) 0 - Great Lakes 0 |
| BOTTOM OF THE 3RD |
|
Great Lakes Loons batting - Pitching for Atlanta (MID) Braves : LHP Brian Gregory
|
|
Batting: LHB Jay Fenderson
|
0-0: Ball 1-0: Ball 2-0: Ball 3-0: Base on Balls
|
|
Batting: RHB Roberto Monzon
|
0-0: SINGLE (Groundball, 4M, EV 101.2 MPH) (infield hit) Jay Fenderson to second
|
|
Batting: RHB Luis Grajeda
|
0-0: Foul Ball, location: 2F 0-1: Foul Ball, location: 2F 0-2: Ball 1-2: Fly out, F9 (Flyball, 9S, EV 86.9 MPH)
|
|
Batting: SHB Todd Hewitt
|
0-0: Called Strike 0-1: Called Strike 0-2: Foul Ball, location: 2F 0-2: Foul Ball, location: 2F 0-2: Ball 1-2: Ball 2-2: DOUBLE (Line Drive, 78XD, EV 106.2 MPH) Jay Fenderson scores Roberto Monzon to third Runner from 3rd tries for Home, SAFE, throw by CF to trailing runner, OUT at third! 8-3-5
|
|
Batting: RHB David Rodgers
|
0-0: Ball 1-0: Swinging Strike 1-1: Foul Ball, location: 2F 1-2: Strikes out swinging
|
| Bottom of the 3rd over - 2 runs, 2 hits, 0 errors, 0 left on base; Atlanta (MID) 0 - Great Lakes 2 |
| TOP OF THE 4TH |
|
Atlanta (MID) Braves batting - Pitching for Great Lakes Loons : RHP Alexis Priego
|
|
Batting: LHB Erik Gretzky
|
0-0: Ball 1-0: Ball 2-0: Foul Ball, location: 2F 2-1: Foul Ball, location: 2F 2-2: DOUBLE (Line Drive, 9LM, EV 90.6 MPH)
|
|
Batting: LHB Ben Goldstein
|
0-0: Called Strike 0-1: Ball 1-1: SINGLE (Line Drive, 7LS, EV 103.1 MPH) Erik Gretzky to third
|
|
Batting: RHB Jose Ramos
|
0-0: Foul Ball, location: 2F 0-1: DOUBLE (Line Drive, 78D, EV 107.5 MPH) Erik Gretzky scores Ben Goldstein to third
|
|
Batting: RHB Josh McCormick
|
0-0: Ball Passed Ball! Ben Goldstein scores Jose Ramos to third 1-0: Called Strike 1-1: Ball 2-1: Foul Ball, location: 2F 2-2: SINGLE (Groundball, 56, EV 100.0 MPH) Jose Ramos scores
|
|
Batting: RHB Toki Takeuchi
|
0-0: Ball 1-0: Ball 2-0: Grounds into double play, 4-6-3 (Groundball, 4, EV 108.1 MPH)
|
|
Batting: RHB Mike Shook
|
0-0: Ball 1-0: Called Strike 1-1: Swinging Strike 1-2: Ball 2-2: Foul Ball, location: 2F 2-2: Strikes out looking
|
| Top of the 4th over - 3 runs, 4 hits, 0 errors, 0 left on base; Atlanta (MID) 3 - Great Lakes 2 |
| BOTTOM OF THE 4TH |
|
Great Lakes Loons batting - Pitching for Atlanta (MID) Braves : LHP Brian Gregory
|
|
Batting: RHB Blake Beale
|
0-0: Ball 1-0: Foul Ball, location: 2F 1-1: DOUBLE (Line Drive, 9LM, EV 106.2 MPH)
|
|
Batting: RHB Ryan Alban
|
0-0: Called Strike 0-1: Ball 1-1: Swinging Strike 1-2: Strikes out looking
|
|
Batting: RHB Trevor Conklin
|
0-0: Called Strike 0-1: Ball 1-1: Ground out 4-3 (Groundball, 4, EV 86.2 MPH) Blake Beale to third
|
|
Batting: RHB Devon Fourcade
|
0-0: Called Strike 0-1: Ball 1-1: Swinging Strike 1-2: Ball 2-2: Ball 3-2: Foul Ball, location: 2F 3-2: Fly out, F7 (Line Drive, 78S, EV 91.9 MPH)
|
| Bottom of the 4th over - 0 runs, 1 hit, 0 errors, 1 left on base; Atlanta (MID) 3 - Great Lakes 2 |
| TOP OF THE 5TH |
|
Atlanta (MID) Braves batting - Pitching for Great Lakes Loons : RHP Alexis Priego
|
|
Batting: RHB Ingidayehu Lagat
|
0-0: Hit by Pitch
|
|
Batting: RHB Hisayuki Akiyama
|
0-0: Foul Ball, location: 2F 0-1: Ball 1-1: Foul Ball, location: 2F 1-2: Foul Ball, location: 2F 1-2: Foul Ball, location: 2F 1-2: Ball 2-2: 2-RUN HOME RUN (Line Drive, 7D, EV 97.5 MPH), Distance : 368 ft
|
|
Pitching: RHP Chad Norris
|
|
|
Batting: RHB Joe Young
|
0-0: Ball 1-0: Ground out 4-3 (Groundball, 4, EV 81.2 MPH)
|
|
Batting: LHB Erik Gretzky
|
0-0: Called Strike 0-1: Called Strike 0-2: Ground out 4-3 (Groundball, 4, EV 89.4 MPH)
|
|
Batting: LHB Ben Goldstein
|
0-0: Called Strike 0-1: Ball 1-1: Foul Ball, location: 2F 1-2: Ball 2-2: Ball 3-2: Strikes out looking
|
| Top of the 5th over - 2 runs, 1 hit, 0 errors, 0 left on base; Atlanta (MID) 5 - Great Lakes 2 |
| BOTTOM OF THE 5TH |
|
Great Lakes Loons batting - Pitching for Atlanta (MID) Braves : LHP Brian Gregory
|
|
Batting: LHB Jay Fenderson
|
0-0: Called Strike 0-1: Fly out, F6 (Line Drive, 6, EV 64.4 MPH)
|
|
Batting: RHB Roberto Monzon
|
0-0: Ground out 4-3 (Groundball, 4MS, EV 85.0 MPH)
|
|
Batting: RHB Luis Grajeda
|
0-0: Ball 1-0: Ball 2-0: Foul Ball, location: 2F 2-1: Foul Ball, location: 2F 2-2: Fly out, F8 (Flyball, 8RM, EV 91.2 MPH)
|
| Bottom of the 5th over - 0 runs, 0 hits, 0 errors, 0 left on base; Atlanta (MID) 5 - Great Lakes 2 |
| TOP OF THE 6TH |
|
Atlanta (MID) Braves batting - Pitching for Great Lakes Loons : RHP Chad Norris
|
|
Batting: RHB Jose Ramos
|
0-0: Called Strike 0-1: Fly out, F8 (Flyball, 8LD, EV 82.5 MPH)
|
|
Batting: RHB Josh McCormick
|
0-0: Ball 1-0: Swinging Strike 1-1: Swinging Strike 1-2: Ground out 5-3 (Groundball, 56S, EV 85.0 MPH)
|
|
Batting: RHB Toki Takeuchi
|
0-0: Ground out 6-3 (Groundball, 6M, EV 102.5 MPH)
|
| Top of the 6th over - 0 runs, 0 hits, 0 errors, 0 left on base; Atlanta (MID) 5 - Great Lakes 2 |
| BOTTOM OF THE 6TH |
|
Great Lakes Loons batting - Pitching for Atlanta (MID) Braves : LHP Brian Gregory
|
|
Batting: SHB Todd Hewitt
|
0-0: Swinging Strike 0-1: SINGLE (Groundball, 56, EV 105.6 MPH) (infield hit)
|
|
Batting: RHB David Rodgers
|
0-0: SINGLE (Line Drive, 78S, EV 102.5 MPH) Todd Hewitt to second
|
|
Batting: RHB Blake Beale
|
0-0: Ball 1-0: Ball 2-0: Fly out, F6 (Popup, P, EV 83.1 MPH)
|
|
Batting: RHB Ryan Alban
|
0-0: Ball Todd Hewitt steals 3rd base David Rodgers to second 1-0: Foul Ball, location: 2F 1-1: Ball 2-1: Foul Ball, location: 2F 2-2: Ball 3-2: DOUBLE (Flyball, 8LXD, EV 100.0 MPH) Todd Hewitt scores David Rodgers scores
|
|
Batting: RHB Trevor Conklin
|
0-0: Called Strike 0-1: Ball 1-1: Ground out 4-3 (Groundball, 4, EV 81.2 MPH) Ryan Alban to third
|
|
Batting: RHB Devon Fourcade
|
0-0: Foul Ball, location: 2F 0-1: Ball 1-1: Ball 2-1: DOUBLE (Flyball, 89XD, EV 107.5 MPH) Ryan Alban scores
|
|
Pitching: RHP Nikita Eliseenko
|
|
|
Batting: LHB Jay Fenderson
|
0-0: Ball 1-0: Ball 2-0: Called Strike 2-1: Ball Passed Ball! Devon Fourcade to third 3-1: Base on Balls
|
|
Pinch Hitting: LHB Kevin Wiebe
|
0-0: Called Strike 0-1: Foul Ball, location: 2F 0-2: Ball 1-2: Ball 2-2: Strikes out swinging
|
| Bottom of the 6th over - 3 runs, 4 hits, 0 errors, 2 left on base; Atlanta (MID) 5 - Great Lakes 5 |
| TOP OF THE 7TH |
|
Atlanta (MID) Braves batting - Pitching for Great Lakes Loons : RHP Chad Norris
|
|
Now at 2B: Luis Grajeda
|
|
|
Now at SS: Roger Simmons
|
|
|
Batting: RHB Mike Shook
|
0-0: Fly out, F9 (Flyball, 9, EV 86.9 MPH)
|
|
Batting: RHB Ingidayehu Lagat
|
0-0: Called Strike 0-1: Ball 1-1: Foul Ball, location: 2F 1-2: Strikes out swinging
|
|
Batting: RHB Hisayuki Akiyama
|
0-0: Called Strike 0-1: Ball 1-1: Called Strike 1-2: Ball 2-2: SINGLE (Line Drive, 78S, EV 113.1 MPH)
|
|
Batting: RHB Joe Young
|
0-0: Called Strike Hisayuki Akiyama steals 2nd, throwing error, E2 Hisayuki Akiyama to third 0-1: SINGLE (Groundball, 6S, EV 64.4 MPH) (infield hit) Hisayuki Akiyama scores
|
|
Pitching: LHP Dave Burridge
|
|
|
Batting: LHB Erik Gretzky
|
0-0: Called Strike 0-1: Ball Joe Young steals 2nd base (no throw) 1-1: Called Strike 1-2: Foul Ball, location: 2F 1-2: Foul Ball, location: 2F 1-2: Ball 2-2: Ball 3-2: Base on Balls
|
|
Batting: LHB Ben Goldstein
|
0-0: Called Strike 0-1: Ball 1-1: Ball 2-1: SINGLE (Groundball, 34D, EV 95.0 MPH) Joe Young to third Erik Gretzky to second Runner from 3rd tries for Home, SAFE, throw by RF to home
|
|
Pitching: RHP Charles Durand
|
|
|
Batting: RHB Jose Ramos
|
0-0: Swinging Strike 0-1: Ball 1-1: Called Strike 1-2: Foul Ball, location: 2F 1-2: Ball 2-2: Fly out, F9 (Flyball, 89D, EV 91.9 MPH)
|
| Top of the 7th over - 2 runs, 3 hits, 1 error, 2 left on base; Atlanta (MID) 7 - Great Lakes 5 |
| BOTTOM OF THE 7TH |
|
Great Lakes Loons batting - Pitching for Atlanta (MID) Braves : RHP Nikita Eliseenko
|
|
Batting: RHB Luis Grajeda
|
0-0: Called Strike 0-1: Hit by Pitch
|
|
Batting: SHB Todd Hewitt
|
0-0: Called Strike 0-1: Ball 1-1: Foul Ball, location: 2F 1-2: Strikes out swinging
|
|
Batting: RHB David Rodgers
|
0-0: Swinging Strike 0-1: Ball 1-1: Ball Luis Grajeda steals 2nd base (no throw) 2-1: Called Strike 2-2: Strikes out looking
|
|
Batting: RHB Blake Beale
|
0-0: Ball 1-0: Ball 2-0: Called Strike 2-1: Foul Ball, location: 2F 2-2: Strikes out swinging
|
| Bottom of the 7th over - 0 runs, 0 hits, 0 errors, 1 left on base; Atlanta (MID) 7 - Great Lakes 5 |
| TOP OF THE 8TH |
|
Atlanta (MID) Braves batting - Pitching for Great Lakes Loons : RHP Charles Durand
|
|
Batting: RHB Josh McCormick
|
0-0: SINGLE (Groundball, 6, EV 99.4 MPH)
|
|
Batting: RHB Toki Takeuchi
|
0-0: Sac Bunt to 15 - play at first, batter OUT! 1-3 Josh McCormick to second
|
|
Batting: RHB Mike Shook
|
0-0: Called Strike 0-1: Ball 1-1: Ball 2-1: Foul Ball, location: 2F 2-2: Ball 3-2: Strikes out swinging
|
|
Batting: RHB Ingidayehu Lagat
|
0-0: Fly out, F9 (Flyball, 9S, EV 91.9 MPH)
|
| Top of the 8th over - 0 runs, 1 hit, 0 errors, 1 left on base; Atlanta (MID) 7 - Great Lakes 5 |
| BOTTOM OF THE 8TH |
|
Great Lakes Loons batting - Pitching for Atlanta (MID) Braves : RHP Nikita Eliseenko
|
|
Batting: RHB Ryan Alban
|
0-0: Ball 1-0: Foul Ball, location: 2F 1-1: Foul Ball, location: 2F 1-2: Ball 2-2: Ball 3-2: Foul Ball, location: 2F 3-2: Foul Ball, location: 2F 3-2: Ground out 5-3 (Groundball, 56, EV 78.1 MPH)
|
|
Batting: RHB Trevor Conklin
|
0-0: Ball 1-0: Ball 2-0: Called Strike 2-1: Ball 3-1: Foul Ball, location: 2F 3-2: SINGLE (Groundball, 4MD, EV 104.4 MPH)
|
|
Batting: RHB Devon Fourcade
|
0-0: Ball 1-0: Ball 2-0: 2-RUN HOME RUN (Flyball, 78XD, EV 98.8 MPH), Distance : 400 ft
|
|
Batting: LHB Jay Fenderson
|
0-0: Called Strike 0-1: Swinging Strike 0-2: Ball 1-2: Strikes out swinging
|
|
Pinch Hitting: LHB Antonio Fierros
|
0-0: Swinging Strike 0-1: Foul Ball, location: 2F 0-2: Ball 1-2: Foul Ball, location: 2F 1-2: Ground out 5-3 (Groundball, 5L, EV 81.2 MPH)
|
| Bottom of the 8th over - 2 runs, 2 hits, 0 errors, 0 left on base; Atlanta (MID) 7 - Great Lakes 7 |
| TOP OF THE 9TH |
|
Atlanta (MID) Braves batting - Pitching for Great Lakes Loons : RHP Charles Durand
|
|
Pitching: RHP Paul Schaecher
|
|
|
Now at SS: Theo Schepers
|
|
|
Batting: RHB Hisayuki Akiyama
|
0-0: Called Strike 0-1: Ball 1-1: Called Strike 1-2: Ball 2-2: TRIPLE (Line Drive, 89XD, EV 97.5 MPH)
|
|
Batting: RHB Joe Young
|
0-0: Foul Ball, location: 2F 0-1: Squeeze Bunt to 13 - play home, runner scores, batter safe! Hisayuki Akiyama scores
|
|
Batting: LHB Erik Gretzky
|
0-0: Ball 1-0: Called Strike 1-1: Ball Joe Young is caught stealing 2nd base 2-6 2-1: Foul Ball, location: 2F 2-2: Ball 3-2: Strikes out swinging
|
|
Batting: LHB Ben Goldstein
|
0-0: Ball 1-0: Ball 2-0: Called Strike 2-1: Foul Ball, location: 2F 2-2: Foul Ball, location: 2F 2-2: Reached on error, E4 (Groundball, 4, EV 103.8 MPH)
|
|
Batting: RHB Jose Ramos
|
0-0: Reached via error on a dropped throw from C, E3 (Groundball, 15S, EV 77.5 MPH) Ben Goldstein to third
|
|
Batting: RHB Josh McCormick
|
0-0: Called Strike 0-1: SINGLE (Flyball, 89S, EV 95.0 MPH) Ben Goldstein scores Jose Ramos to second Runner from 2nd tries for 3rd, SAFE, throw by RF made to third
|
|
Batting: RHB Toki Takeuchi
|
0-0: Ball 1-0: SINGLE (Line Drive, 7S, EV 105.0 MPH) Jose Ramos scores Josh McCormick to second
|
|
Batting: RHB Mike Shook
|
0-0: Ball 1-0: Swinging Strike 1-1: Called Strike 1-2: Ball 2-2: Strikes out swinging
|
| Top of the 9th over - 3 runs, 3 hits, 2 errors, 2 left on base; Atlanta (MID) 10 - Great Lakes 7 |
| BOTTOM OF THE 9TH |
|
Great Lakes Loons batting - Pitching for Atlanta (MID) Braves : RHP Nikita Eliseenko
|
|
Pitching: RHP Gordon Cushing
|
|
|
Now in RF: Badr al Din Ridha
|
|
|
Batting: RHB Luis Grajeda
|
0-0: Foul Ball, location: 2F 0-1: Ball 1-1: Fly out, F9 (Flyball, 9, EV 93.1 MPH)
|
|
Batting: SHB Todd Hewitt
|
0-0: Ball 1-0: SINGLE (Groundball, 56D, EV 102.5 MPH)
|
|
Batting: RHB David Rodgers
|
0-0: Swinging Strike 0-1: Foul Ball, location: 2F 0-2: Ball 1-2: Foul Ball, location: 2F 1-2: Strikes out swinging
|
|
Pinch Hitting: LHB Jesus Ramirez
|
0-0: Ball 1-0: Ball 2-0: Fly out, F7 (Flyball, 7, EV 86.9 MPH)
|
| Bottom of the 9th over - 0 runs, 1 hit, 0 errors, 1 left on base; Atlanta (MID) 10 - Great Lakes 7 |
|